 Dungeon Crawl Stone Soup version 0.30.1-4-g462c640d31 (webtiles) character file.

Game seed: 7923697814211650258

46 cdecastro the Cudgeller (level 3, -2/31 HPs)
             Began as an Armataur Warper on Aug 10, 2023.
             Slain by an adder (3 damage)
             ... on level 2 of the Dungeon.
             The game lasted 00:02:23 (1280 turns).

cdecastro the Cudgeller (Armataur Warper)           Turns: 1280, Time: 00:02:24

Health: -2/31      AC:  5    Str: 18    XL:     3   Next: 44%
Magic:  5/5        EV:  9    Int: 13    God:
Gold:   107        SH:  0    Dex:  9    Spells: 5/5 levels left

rFire   . . .        a - +0 mace
rCold   . . .        (no shield)
rNeg    . . .        b - +0 leather armour
rPois   .            (no helmet)
rElec   .            e - +0 cloak
rCorr   .            (no gloves)
SInv    .            (no barding)
Will    .....        (no amulet)
Stlth   +            (no ring)
HPRegen 0.25/turn    (no ring)
MPRegen 0.09/turn

%: roll
@: lethally poisoned (-2 -> -5), attractive
A: large, rugged brown scales 3, deformed body, armoured tail, roll, long
tongue, awkward tongue
a: no special abilities


You were on level 2 of the Dungeon.
You visited 1 branch of the dungeon, and saw 2 of its levels.

You collected 107 gold pieces.

Inventory:

Hand Weapons
 a - a +0 mace (weapon)
Missiles
 d - 2 boomerangs of dispersal (quivered)
 f - 2 throwing nets
 i - 4 curare-tipped darts
Armour
 b - a +0 leather armour (worn)
 e - a +0 cloak (worn)
Jewellery
 h - a +5 ring of evasion
Scrolls
 c - a scroll of blinking


   Skills:
 - Level 1.7 Fighting
 + Level 3.5 Maces & Flails
 - Level 0.8 Throwing
 - Level 1.2 Armour
 - Level 1.3 Dodging
 - Level 1.7 Spellcasting
 - Level 3.0 Translocations


You had 5 spell levels left.
You didn't know any spells.
Your spell library contained the following spells:

 Spells                   Type           Power      Damage    Failure   Level
 Blink                    Tloc           16%        N/A       14%         2
 Lesser Beckoning         Tloc           16%        N/A       14%         2
 Teleport Other           Tloc           8%         N/A       26%         3
 Vhi's Electric Charge    Tloc/Air       10%        N/A       45%         3
 Manifold Assault         Tloc           8%         N/A       65%         4


Dungeon Overview and Level Annotations

Branches:
Dungeon (2/15)

Altars:


Innate Abilities, Weirdness & Mutations

You are completely covered in rugged brown scales. (AC +3, +7% HP)
Armour fits poorly on your strangely shaped body.
You have a long armoured tail.
You roll when moving toward enemies. (Rampage)
Your long tongue fully drains potion bottles. (2x potion effects)
Your tongue gives you trouble enunciating. (1.5x scroll delay)


Message History

The adder blinks!
The adder is severely wounded.
You feel sick. The bat hits you but does no damage. The bat barely misses you.
You feel sick.
Throw: 5 boomerangs (disperse)
Press: ? - help, Q - select action, (/) - cycle Shift-Dir - straight line, f/p - adder
Aim: an adder (severely wounded, 29% to hit)
You throw a boomerang of dispersal.
The boomerang of dispersal completely misses the adder.
You feel sick. The bat hits you but does no damage. The adder bites you.
* * * LOW HITPOINT WARNING * * *
The adder bites you but does no damage.
Throw: 4 boomerangs (disperse)
Press: ? - help, Q - select action, (/) - cycle Shift-Dir - straight line, f/p - adder
Aim: an adder (severely wounded, 29% to hit)
You throw a boomerang of dispersal.
The boomerang of dispersal misses the adder.
You feel sick. The bat hits you.
* * * LOW HITPOINT WARNING * * *
The adder bites you but does no damage. x2; The bat hits you.
* * * LOW HITPOINT WARNING * * *
Throw: 3 boomerangs (disperse)
Press: ? - help, Q - select action, (/) - cycle Shift-Dir - straight line, f/p - adder
Aim: an adder (severely wounded, 29% to hit)
You throw a boomerang of dispersal.
The boomerang of dispersal barely misses the adder.
You feel sick.
You are no longer poisoned.
The bat hits you but does no damage. The adder bites you.
* * * LOW HITPOINT WARNING * * *
You are lethally poisoned!
The adder poisons you! The bat hits you but does no damage.
Unknown command.
It was a potion of attraction.
You feel attractive to monsters.
You slurp down every last drop of the potion of attraction!
* * * LOW HITPOINT WARNING * * *
You feel sick. The adder bites you but does no damage.
The bat barely misses you. The adder bites you.
You die...

#.......# #.......#
#.......# # #.......#
#.########.......#
#................#
#................#
#...............##
.....++.@S......# ...
#.b.......# .
##..<#+#...#
.###......###.#
............#.#
#.........#.#.########
#.........#..........#
#.[.......####.......#
#..........†.+.......#


You could see an adder and a bat.

Vanquished Creatures
  A worm (D:2)
  6 ball pythons
  5 endoplasms (D:1)
  A giant cockroach (D:1)
  4 hobgoblins (D:1)
  3 jackals (D:1)
  6 quokkas (D:1)
  5 bats (D:1)
  A frilled lizard (D:2)
  3 kobolds (D:1)
  2 rats (D:1)
37 creatures vanquished.

Notes
Turn   | Place    | Note
-------+----------+-------------------------------------------
     0 | D:1      | cdecastro the Armataur Warper began the quest for the Orb.
     0 | D:1      | Reached XP level 1. HP: 18/18 MP: 3/3
    90 | D:1      | Reached XP level 2. HP: 14/25 MP: 4/4
   550 | D:1      | Reached XP level 3. HP: 31/31 MP: 5/5
  1280 | D:2      | HP: 1/31 [poisoned by an adder]
  1280 | D:2      | Slain by an adder

Illustrated notes

Levels and vault maps discovered:
D:1:      onia_arrival_handbag, layout_basic, hangedman_abyss_or_decor_stabs
D:2:      layout_basic, basic_altar

Skill      XL: |  1  2 |
---------------+-------+-----
Maces & Flails | 2 3 |  3.5
Fighting       | |  1.7
Throwing       | |  0.8
Armour         | |  1.2
Dodging        | |  1.3
Spellcasting   | |  1.7
Translocations | |  3.0

Action                     || total
---------------------------++-------
  Melee: Mace              ||   115
         Tailslap          ||    13
  Throw: Boomerang         ||     5
    Use: Potion            ||     1
 Armour: Leather armour    ||    66
  Dodge: Dodged            ||    70
